cohdb
Replays
Latest Replays
All Replays
Popular Replays
Top Player Replays
Match Explorer
How It Works
Community
CoH3 Stats
Reddit
Sign in to upload your games and track your stats! →
Sign in with Steam
Match 45969011
Unlisted
Match 45969011
Overview
Messages
Build Orders
End
250 Light Carrier
Selects Armored Support Battlegroup
Panzergrenadier Squad
Panzergrenadier Squad
Construct Light Support Kompanie
Combat Half-tracks
Selects Salvage Kits
Construct Mechanized Kompanie
2.5-tonne Medical Truck
Panzerjäger Mechanized Group
8 Rad Armored Car
Tungsten Core Ammunition
Construct Panzerarmee Kommand
Vehicle Survival Package
Selects Panzer Storm
Selects Superior Fire Drills
Marder III Tank Destroyer
Marder III Tank Destroyer
Advanced Field Repairs
Assault Mechanized Group
Panzer III L Medium Tank
Rapid Advance
Panzer Storm
Selects Stuka Dive Bomb
Panzerpioneer Squad
Stuka Dive Bomb
Panzer III L Medium Tank
Assault Mechanized Group
Panzer Storm
Panzer III L Medium Tank
Panzer III L Medium Tank
Marder III Tank Destroyer
Panzerpioneer Squad
Panzer Storm
Panzer III L Medium Tank
Panzer III L Medium Tank
酱油
Charlie
goespain
条码人
dan legend
polo2B
Ursa Major
Nap
0
0
Comments
sign in to comment!
No comments posted yet!